[Event "Fast Chess"]
[Site "ChessKid.com"]
[Date "2020.04.07"]
[Round "1"]
[White "Sasse, Gabriel"]
[Black "Li, Patrick"]
[Result "1-0"]
[ECO "C57"]
[WhiteElo "1281"]
[BlackElo "904"]
[PlyCount "33"]
[EventDate "2020.??.??"]
[TimeControl "600"]
[WhiteClock "0:08:09"]
[BlackClock "0:08:57"]

1. e4 e5 2. Nf3 Nc6 3. Bc4 Nf6 4. Ng5 d5 5. exd5 Nxd5 6.
Qf3 Nf6 7. Nxf7 Qd7 8. Nxh8 Bb4 9. Nc3 Bxc3 10. dxc3 Na5 11. Bb3 Nxb3 12. cxb3 Qd6 13. O-O Bg4 14. Qe3 Nd5 15. Qg5 Nf6 16.
Qxg7 Qd2 17. Bxd2 {[%emt 0:00:03]
LimeFarActor won by resignation} 1-0

[Event "Fast Chess"]
[Site "ChessKid.com"]
[Date "2020.04.07"]
[Round "2"]
[White "Georgiev, Maximilian"]
[Black "Sasse, Gabriel"]
[Result "1-0"]
[ECO "C48"]
[WhiteElo "1330"]
[BlackElo "1274"]
[PlyCount "65"]
[EventDate "2020.??.??"]
[TimeControl "600"]
[WhiteClock "0:08:04"]
[BlackClock "0:08:27"]

1. e4 e5 2. Nf3 Nc6 3. Bb5 Nf6 4. Bxc6 dxc6 5. Nc3 Bc5 6.
h3 Bb4 7. O-O Bxc3 8. dxc3 Qxd1 9. Rxd1 O-O 10. Nxe5 Nxe4 11. Re1 Nf6 12. Nf3 Bf5 13. Nd4 Bg6 14. a4 c5 15. Nb5 Rab8 16. Nxc7 Bxc2 17. Nb5 a6 18. Na3 Bg6 19. a5 Rbd8 20. Nc4 Bd3 21. b3 Bxc4 22. bxc4 Rd3 23. Ba3 Rxc3 24. Bxc5 Rxc4 25. Bxf8 Kxf8 26. Rad1 g6 27. Rd8+ Kg7 28. g4 Ra4 29. g5 Nh5 30. Ree8 h6 31. Rg8+ Kh7 32. Rh8+ Kg7 33. Rdg8# {[%emt 0:00:01] TallSnazzyBall won by checkmate} 1-0

[Event "Fast Chess"]
[Site "ChessKid.com"]
[Date "2020.04.07"]
[Round "2"]
[White "Li, Patrick"]
[Black "Dai, Lana"]
[Result "0-1"]
[ECO "C50"]
[WhiteElo "901"]
[BlackElo "1233"]
[PlyCount "34"]
[EventDate "2020.??.??"]
[TimeControl "600"]
[WhiteClock "0:08:23"]
[BlackClock "0:07:53"]

1. e4 e5 2. Nf3 Nc6 3. Nc3 Bc5 4. Bc4 d6 5. d3 h6 6. O-O Bg4 7. h3 Bh5 8. d4 exd4 9. Ne2 Bxf3 10. gxf3 Nf6 11. Nxd4 Bxd4 12. c3 Bc5 13. Qb3 O-O 14. Qxb7 Na5 15. Qb5 Nxc4 16. Qxc4 Nh5 17. Qb4 Bxb4 {[%emt 0:00:
03] TopBrownCave won by resignation} 0-1

[Event "Fast Chess"]
[Site "ChessKid.com"]
[Date "2020.04.08"]
[Round "1"]
[White "Li, Patrick"]
[Black "Georgiev, Maximilian"]
[Result "1-0"]
[ECO "C55"]
[WhiteElo "987"]
[BlackElo "1387"]
[PlyCount "123"]
[EventDate "2020.??.??"]
[TimeControl "600"]
[WhiteClock "0:06:03"]
[BlackClock "0:02:07"]

1. e4 e5 2. Nf3 Nc6 3. Nc3 Nf6 4. Bc4 h6 5. O-O Bb4 6. h3 O-O 7. a3 Bxc3 8. dxc3 Nxe4 9. Qd5 Nf6 10. Qc5 Re8 11. Re1 e4 12. Nd2 d6 13. Qb5 a6 14. Qb3 Na5 15. Qa2 Nxc4 16. Qxc4 Be6 17. Qa4 Bd7 18. Qb4 b6 19. Nxe4 Bc6 20. Nxf6+ Qxf6 21. Rxe8+ Rxe8 22. Be3 Qg6 23. g3 Qxc2 24. Qg4 g6 25. Bxh6 Kh7 26. Bg5 Kg7 27. Qd4+ Kg8 28. Bh6 Re5 29. Qf4 Qf5 30. Qxf5 Rxf5 31. Re1 Kh7 32. Bd2 Rd5 33. Bf4 g5 34. Be3 Re5 35. f4 gxf4 36. gxf4 Rh5 37. Kh2 Bd7 38. Bd4 Rxh3+ 39. Kg2 Rh4 40. Re7 Bc6+ 41. Kg3 Rh1 42. Rxf7+ Kg6 43. Rg7+ Kh6 44. Rxc7 Rg1+ 45. Bxg1 Bd5 46. Be3 Kg6 47. Rd7 Be6 48. Rxd6 Kf5 49. Rxb6 a5 50. Ra6 Bc8 51. Rxa5+ Ke4 52. Rc5 Kxe3 53. Rxc8 Ke4 54. b4 Kf5 55. b5 Ke6 56. b6 Kd7 57. b7 Kd6 58.
b8=Q+ Ke6 59. Qb5 Ke7 60. Rc6 Kd7 61. Qb7+ Ke8 62. Rc8# {[%emt 0:00:01] WideClassyQuiz
won by checkmate} 1-0

[Event "Fast Chess"]
[Site "ChessKid.com"]
[Date "2020.04.08"]
[Round "1"]
[White "Dai, Lana"]
[Black "Zerza, Julia"]
[Result "1-0"]
[ECO "C25"]
[WhiteElo "1228"]
[BlackElo "828"]
[PlyCount "21"]
[EventDate "2020.??.??"]
[TimeControl "600"]
[WhiteClock "0:08:26"]
[BlackClock "0:08:26"]

1. e4 e5 2. Nc3 d6 3. Bc4 g6 4. d3 h5 5. h3 Nf6 6. Nf3 Nc6 7. Bg5 Be7 8. Nd5 Na5 9. Bxf6 Bxf6 10. Nxf6+ Qxf6 11. b4 {[%emt 0:00:20]
TopBrownCave won - game abandoned} 1-0

[Event "Fast Chess"]
[Site "ChessKid.com"]
[Date "2020.04.08"]
[Round "2"]
[White "Li, Patrick"]
[Black "Dai, Lana"]
[Result "0-1"]
[ECO "C57"]
[WhiteElo "983"]
[BlackElo "1231"]
[PlyCount "68"]
[EventDate "2020.??.??"]
[TimeControl "600"]
[WhiteClock "0:05:56"]
[BlackClock "0:06:28"]

1. e4 e5 2. Nf3 Nc6 3. Nc3 Nf6 4. Bc4 Bc5 5. Ng5 O-O 6.
Nxf7 Rxf7 7. Bxf7+ Kxf7 8. O-O Kg8 9. Qe2 d6 10. Qc4+ Kh8 11.
Nd5 Nxd5 12. Qxd5 Bg4 13. h3 Be2 14. Re1 Bb5 15. Qf7 Nb4 16.
Rd1 Nxc2 17. Rb1 Be2 18. Rf1 Bxf1 19. Kxf1 Bd4 20. b3 Rc8 21. Bb2 c5 22. Bxd4 Rc7 23. Qd5 cxd4 24. Rc1 Nb4 25. Rxc7 Nxd5 26. Rxb7 a5 27. exd5 Kg8 28. b4 axb4 29. Rxb4 Qa5 30. Rb8+ Kf7 31. Rb7+ Kf6 32. Rb8 Qxd2 33. Rf8+ Ke7 34. Rf3 Qd1# {[%emt 0:00:05] TopBrownCave won by checkmate} 0-1

[Event "Fast Chess"]
[Site "ChessKid.com"]
[Date "2020.04.08"]
[Round "2"]
[White "Georgiev, Maximilian"]
[Black "Li, Tobias"]
[Result "0-1"]
[ECO "C50"]
[WhiteElo "1376"]
[BlackElo "1237"]
[PlyCount "83"]
[EventDate "2020.??.??"]
[TimeControl "600"]
[WhiteClock "0:05:58"]
[BlackClock "0:07:09"]

1. e4 e5 2. Nf3 Nc6 3. Bc4 Bc5 4. d3 h6 5. O-O Nf6 6. Nc3 O-O 7. h3 d6 8. a3 a6 9. Be3 Bxe3 10. fxe3 b5 11. Ba2 Be6 12. Bb1 d5 13.
exd5 Nxd5 14. e4 Nxc3 15. bxc3 Qd6 16. Ba2 Bxa2 17. Rxa2 Qe6 18. Qe2 Qxa2 19. d4 exd4 20. cxd4 Qe6 21. e5 Rad8 22. c3 Rfe8 23. Re1 Qg6 24. Nh4 Qg5 25. Nf3 Qf5 26. Nh4 Qc8 27. Rf1 a5 28. Qxb5 Qd7 29. d5 Qxd5 30. Qxd5 Rxd5 31. Rf5 Rdxe5 32. Rxe5 Rxe5 33. Nf3 Rf5 34. Nh4 Rc5 35. c4 Rxc4 36. Nf3 Rc3 37. Nd2 Rxa3 38. Nc4 Rc3 39. Nd2 Rc2 40. Nb3 Rc3 41. Na1 Rc1+ 42. Kf2 {[%emt 0:00:03] OnlyHungryKiwi
won by resignation} 0-1

[Event "Fast Chess"]
[Site "ChessKid.com"]
[Date "2020.04.08"]
[Round "3"]
[White "Dai, Lana"]
[Black "Georgiev, Maximilian"]
[Result "1-0"]
[ECO "C50"]
[WhiteElo "1243"]
[BlackElo "1365"]
[PlyCount "45"]
[EventDate "2020.??.??"]
[TimeControl "600"]
[WhiteClock "0:08:05"]
[BlackClock "0:06:01"]

1. e4 e5 2. Nc3 Nf6 3. Bc4 Nc6 4. Nf3 Bb4 5. d3 O-O 6. Bg5 h6 7. Bh4 Be7 8. Nd5 Qe8 9. Nxc7 Qd8 10. Nxa8 b6 11. Bxf6 Bxf6 12. Bd5 Bb7 13. Bxc6 Bxc6 14. Nxb6 Qxb6 15. O-O Qxb2 16. a4 Re8 17. a5 Bb5 18. Rb1 Qa3 19. Rxb5 g5 20. Rd5 g4 21. Ne1 Qa2 22. Qxg4+ Kf8 23. Qf5 {[%emt 0:00:20] TopBrownCave won by resignation} 1-0

[Event "Fast Chess"]
[Site "ChessKid.com"]
[Date "2020.04.08"]
[Round "3"]
[White "Li, Tobias"]
[Black "Li, Patrick"]
[Result "1-0"]
[ECO "C55"]
[WhiteElo "1240"]
[BlackElo "979"]
[PlyCount "71"]
[EventDate "2020.??.??"]
[TimeControl "600"]
[WhiteClock "0:04:04"]
[BlackClock "0:08:00"]

1. e4 e5 2. Nf3 Nc6 3. Nc3 Nf6 4. Bc4 h6 5. d4 d5 6. exd5 Nxd5 7. Bxd5 Qg5 8. Bxg5 h5 9. Nxe5 Nxd4 10. Qxh5 Rxh5 11. Bf4 Nxc2+ 12. Ke2 Nxa1 13. Rxa1 Bf5 14. Bxf7+ Ke7 15. Bxh5 a6 16. Bg4 Bxg4+ 17. Nxg4 Re8 18. Re1 Kd7+ 19. Kf1 Rxe1+ 20. Kxe1 Bb4 21. Kf1 Bxc3 22. bxc3 b6 23. Ne5+ Kd6 24. Nc4+ Kd5 25. Na3 Ke4 26. Bg3 c5 27. Bc7 Kd3 28. h4 Kxc3 29. Bxb6 c4 30. g4 Kd3 31. h5 c3 32. g5 c2 33.
Nxc2 Kxc2 34. h6 gxh6 35. gxh6 Kd1 36. h7 {[%emt 0:
00:01] OnlyHungryKiwi won by resignation} 1-0

[Event "Fast Chess"]
[Site "ChessKid.com"]
[Date "2020.04.09"]
[Round "1"]
[White "Dai, Lana"]
[Black "Georgiev, Maximilian"]
[Result "0-1"]
[ECO "C55"]
[WhiteElo "1248"]
[BlackElo "1409"]
[PlyCount "158"]
[EventDate "2020.??.??"]
[TimeControl "600"]
[WhiteClock "0:04:50"]
[BlackClock "0:00:06"]

1. e4 e5 2. Nf3 Nc6 3. Bc4 h6 4. d3 Nf6 5. a3 Be7 6. Nc3 a6 7. Be3 O-O 8. O-O d6 9. h3 b5 10. Bd5 Nxd5 11. exd5 Na7 12. Bxa7 Rxa7 13. d4 Bb7 14. dxe5 dxe5 15. Nxe5 Bf6 16. Re1 Re8 17. Ng4 Bxc3 18. Rxe8+ Qxe8 19. bxc3 Qd7 20. Ne3 Ra8 21. Rb1 Re8 22. a4 Kf8 23. axb5 axb5 24. Ra1 Ra8 25. Rxa8+ Bxa8 26. Qd4 f5 27. Qc5+ Kg8 28. c4 bxc4 29. Qxc4 f4 30. d6+ Kh8 31. dxc7 Bb7 32. Qc5 fxe3 33. Qf8+ Kh7 34. fxe3 Qxc7 35. Qf5+ g6 36. Qf6 Ba8 37. c3 Qb7 38. e4 h5 39. Qe6 Kh6 40. Qe5 Qb1+ 41. Kf2 Bxe4 42. Qh8+ Kg5 43. Qd8+ Kf5 44. Qf8+ Ke5 45. Qe7+ Kf4 46. g3+ Kf5 47. Qf7+ Ke5 48. Qe7+ Kd5 49. Qd7+ Kc4 50. Qc7+ Kb3 51. Qb6+ Kc2 52. Qxb1+ Kxb1 53. c4 Kb2 54. c5 Kb3 55. Ke3 Bc6 56. Kd4 Kb4 57. g4 hxg4 58. hxg4 Kb5 59. g5 Kb4 60. Ke5 Kxc5 61. Kf6 Be8 62. Ke5 Kc6 63. Kf6 Kd7 64. Kg7 Ke7 65. Kh6 Bf7 66. Kg7 Ke6 67. Kh6 Kf5 68. Kg7 Kxg5 69. Kxf7 Kh5 70. Kf6 g5 71. Kf5 Kh4 72. Ke4 Kg3 73. Kf5 g4 74. Kg5 Kf3 75. Kh4 g3 76. Kh3 Kf2 77. Kh4 g2 78.
Kh3 g1=Q 79. Kh4 Kf3 {
[%emt 0:00:02] TallSnazzyBall won on time} 0-1

[Event "Fast Chess"]
[Site "ChessKid.com"]
[Date "2020.04.09"]
[Round "1"]
[White "Sasse, Gabriel"]
[Black "Li, Tobias"]
[Result "0-1"]
[ECO "C50"]
[WhiteElo "1263"]
[BlackElo "1244"]
[PlyCount "160"]
[EventDate "2020.??.??"]
[TimeControl "600"]
[WhiteClock "0:03:20"]
[BlackClock "0:04:22"]

1. e4 e5 2. Nf3 Nc6 3. Bc4 Bc5 4. h3 h6 5. Nc3 Nf6 6. O-O O-O 7. Ne1 d6 8. d3 Re8 9. Qf3 Be6 10. Bxe6 Rxe6 11. Qg3 a6 12. Bxh6 Nh5 13. Qg4 Rxh6 14. Nd5 Nf6 15. Nxf6+ Qxf6 16. c3 Rg6 17. Qd7 Qd8 18. Qf5 Bb6 19. Nf3 d5 20. Nh4 Qxh4 21. Rae1 dxe4 22. dxe4 Qg5 23. Qf3 Rd8 24. c4 Nd4 25. Qg4 Qxg4 26. hxg4 Rxg4 27. Rd1 Rh4 28. g3 Ne2+ 29. Kg2 Rxd1 30. Rxd1 Rh6 31. Rd8+ Kh7 32. Kf3 Nd4+ 33. Kg4 Rg6+ 34. Kh5 c5 35. Rd5 f6 36. Kh4 Nf3+ 37. Kh3 Rh6+ 38. Kg2 Ng5 39. Rd6 Ba5 40. Rd7 b6 41. Ra7 Nxe4 42. Rxa6 Nd2 43. b3 Rh5 44. f3 Rf5 45. f4 exf4 46. gxf4 Rxf4 47. Kg3 Rd4 48. Kf2 Nxc4 49. bxc4 Rd3 50. Ke2 Ra3 51. Ra7 Kh6 52. Kf2 Be1+ 53. Kxe1 Rxa7 54. a4 Rxa4 55. Kd1 Ra2 56. Kc1 g5 57. Kb1 Rh2 58. Kc1 f5 59. Kd1 f4 60. Ke1 f3 61. Kf1 Ra2 62. Ke1 f2+ 63.
Kf1 Kh5 64. Kg2 Kg4 65. Kf1 b5 66. cxb5 Rb2 67. b6 c4 68. b7 c3 69. b8=Q Rxb8 70. Ke2 c2 71. Kxf2 c1=Q 72. Ke2 Qc2+ 73. Ke3 Rb3+ 74. Kd4 Qf2+ 75. Kc4 Re3 76. Kd4 Qf4+ 77. Kd5 Re5+ 78. Kd6 Qf6+ 79. Kd7 Re7+ 80. Kd8 Qf8# {[%emt 0:00:01] OnlyHungryKiwi won by
checkmate} 0-1

[Event "Fast Chess"]
[Site "ChessKid.com"]
[Date "2020.04.09"]
[Round "2"]
[White "Georgiev, Maximilian"]
[Black "Li, Tobias"]
[Result "1/2-1/2"]
[ECO "C65"]
[WhiteElo "1406"]
[BlackElo "1248"]
[PlyCount "125"]
[EventDate "2020.??.??"]
[TimeControl "600"]
[WhiteClock "0:04:22"]
[BlackClock "0:06:31"]

1. e4 e5 2. Nf3 Nc6 3. Bb5 Bc5 4. Bxc6 dxc6 5. O-O Nf6 6.
Nxe5 Qd4 7. Nf3 Qd7 8. e5 Ng4 9. Ng5 O-O 10. Re1 Qe7 11. Nf3 h6 12. d4 Bb6 13. Nc3 Be6 14. Bd2 c5 15. d5 Bd7 16. h3 Nxe5 17. Rxe5 Qf6 18. Re1 c6 19. dxc6 Bxc6 20. a4 Bxf3 21. Qxf3 Qxf3 22. gxf3 Rae8 23. Rxe8 Rxe8 24. a5 Bc7 25. Nd5 Be5 26. Re1 Kf8 27. Nc7 Bxc7 28. Rxe8+ Kxe8 29. b4 cxb4 30. Bxb4 b6 31. axb6 Bxb6 32. c4 a5 33. c5 axb4 34. cxb6 Kd7 35. Kf1 b3 36. b7 Kc7 37. Ke2 b2 38. b8=Q+ Kxb8 39. Ke3 b1=Q 40. f4 Qb3+ 41. Ke4 Qxh3 42. f3 g6 43. Ke5 Qf5+ 44. Kd6 Qe6+ 45. Kc5 Kc7 46. Kd4 Kd6 47. Kd3 Qb3+ 48. Kd4 Qd5+ 49. Kc3 Qxf3+ 50. Kd4 Qd5+ 51. Ke3 Qa5 52. Ke4 f5+ 53. Kf3 Qa3+ 54. Ke2 Kd5 55. Kd2 Kd4 56. Ke2 Qe3+ 57. Kf1 Qe2+ 58. Kxe2 g5 59. Kf3 gxf4 60. Kxf4 Kd5 61. Kxf5 Kd4 62. Kg6 h5 63. Kxh5 {[%emt 0:00:00] Game drawn - insufficient material} 1/2-1/2

[Event "Fast Chess"]
[Site "ChessKid.com"]
[Date "2020.04.09"]
[Round "2"]
[White "Li, Patrick"]
[Black "Sasse, Gabriel"]
[Result "0-1"]
[ECO "C50"]
[WhiteElo "969"]
[BlackElo "1266"]
[PlyCount "44"]
[EventDate "2020.??.??"]
[TimeControl "600"]
[WhiteClock "0:08:55"]
[BlackClock "0:07:38"]

1. e4 e5 2. Nf3 Nc6 3. Nc3 Nf6 4. Bc4 h6 5. O-O Bc5 6. h3 O-O 7. Bb5 d6 8. Bxc6 bxc6 9. d3 Ne8 10. Nh4 Qxh4 11. g3 Qxh3 12. Na4 Nf6 13. Nxc5 dxc5 14. Be3 c4 15. dxc4 Nxe4 16. Bc5 Re8 17. Qf3 Nd2 18. Qe2 Nxf1 19. Qxf1 Qg4 20. Qd1 Qh3 21. Qf1 Qf5 22. Be3 Qxc2 {[%emt 0:00:
05] LimeFarActor won by resignation} 0-1

[Event "Fast Chess"]
[Site "ChessKid.com"]
[Date "2020.04.09"]
[Round "3"]
[White "Li, Patrick"]
[Black "Georgiev, Maximilian"]
[Result "0-1"]
[ECO "C50"]
[WhiteElo "968"]
[BlackElo "1407"]
[PlyCount "46"]
[EventDate "2020.??.??"]
[TimeControl "600"]
[WhiteClock "0:08:33"]
[BlackClock "0:07:41"]

1. e4 e5 2. Nf3 Nc6 3. Nc3 Nf6 4. Bc4 h6 5. O-O Bc5 6. Bb5 d6 7. Bxc6+ bxc6 8. d3 O-O 9. h3 Bb7 10. Be3 Bxe3 11. fxe3 d5 12. Nxe5 dxe4 13. dxe4 Qxd1 14. Rfxd1 Rfe8 15. Ng4 Nxe4 16. Nxe4 Rxe4 17. Rd2 c5 18. Rad1 Kh7 19. Rd8 Rxd8 20. Rxd8 Rc4 21. Rd7 Rb4 22. Rxc7 Rxb2 23. Rxf7 Bc8 {[%emt 0:00:07] TallSnazzyBall won -
game abandoned} 0-1

[Event "Fast Chess"]
[Site "ChessKid.com"]
[Date "2020.04.09"]
[Round "3"]
[White "Li, Tobias"]
[Black "Dai, Lana"]
[Result "1-0"]
[ECO "C55"]
[WhiteElo "1256"]
[BlackElo "1240"]
[PlyCount "77"]
[EventDate "2020.??.??"]
[TimeControl "600"]
[WhiteClock "0:00:38"]
[BlackClock "0:03:41"]

1. e4 e5 2. Nf3 Nc6 3. Nc3 Nf6 4. Bc4 Bc5 5. Ng5 O-O 6.
Nxf7 Rxf7 7. Bxf7+ Kxf7 8. O-O Kg8 9. d3 h6 10. Qf3 Nd4 11. Qg3 Nxc2 12. Bxh6 Bf8 13. Rac1 Nh5 14. Qg4 Nd4 15. Qxh5 gxh6 16. Qxe5 Nc6 17. Qg3+ Bg7 18. Nd5 Nd4 19. Rfe1 d6 20. Nf4 Kh8 21. Nh5 Ne6 22. Nxg7 Nxg7 23. Qe3 Kh7 24. h3 Be6 25. Rc3 Bxa2 26. b3 Qd7 27. Ra1 Bxb3 28. Rxb3 b6 29. Qf3 Qe7 30. e5 dxe5 31. Qxa8 Nf5 32. Qf3 Nd4 33. Qe4+ Kh8 34. Rbb1 Nc2 35. Rxa7 Nd4 36. Qg6 Ne2+ 37. Kf1 Qf8 38. Rxc7 Nd4 39. Qh7# {[%emt 0:00:04]
OnlyHungryKiwi won by checkmate} 1-0

[Event "Fast Chess"]
[Site "ChessKid.com"]
[Date "2020.04.14"]
[Round "1"]
[White "Li, Tobias"]
[Black "Sasse, Gabriel"]
[Result "0-1"]
[ECO "C57"]
[WhiteElo "1296"]
[BlackElo "1242"]
[PlyCount "124"]
[EventDate "2020.??.??"]
[TimeControl "300+50"]
[WhiteClock "0:07:18"]
[BlackClock "0:07:10"]

1. e4 e5 2. Nf3 Nc6 3. Nc3 Bc5 4. Bc4 Nf6 5. Ng5 O-O 6.
Nxf7 Rxf7 7. Bxf7+ Kxf7 8. O-O Kg8 9. d3 Ne8 10. h3 d6 11. a3 Qf6 12. Bd2 Qg6 13. Qf3 Nd4 14. Qg3 Qxg3 15. fxg3 Nxc2+ 16. Kh1 Nxa1 17. Rxa1 Bd4 18. Nd5 Be6 19. Bc3 Bxc3 20. bxc3 Bxd5 21. exd5 Nf6 22. c4 c6 23. dxc6 bxc6 24. Rb1 Rf8 25. Rb7 Nh5 26. Kh2 a6 27. Ra7 d5 28. cxd5 cxd5 29. Rxa6 e4 30. dxe4 dxe4 31. Re6 Nf6 32. g4 Kf7 33. Re5 Re8 34. Rxe8 Kxe8 35. Kg3 Kd7 36. a4 Kd6 37. Kf4 Kd5 38. Ke3 g6 39. g5 Nd7 40. a5 Nc5 41. g4 Kc6 42. Kd4 Kb5 43.
Ke3 Kxa5 44. Kd4 Kb5 45. Ke3 Kc4 46. Kd2 Kd4 47. Ke2 e3 48.
Ke1 Kd3 49. Kd1 e2+ 50. Ke1 Ne4 51. h4 Ng3 52. h5 gxh5 53.
gxh5 Nxh5 54. g6 hxg6 55. Kf2 g5 56. Ke1 g4 57. Kf2 Kd2 58.
Kg2 e1=Q 59. Kh2 g3+ 60. Kh3 Qh1+ 61. Kg4 g2 62. Kf3 g1=Q# {[%emt 0:00:
47] LimeFarActor won by checkmate} 0-1

[Event "Fast Chess"]
[Site "ChessKid.com"]
[Date "2020.04.14"]
[Round "1"]
[White "Kriegl, Thomas"]
[Black "Dai, Lana"]
[Result "0-1"]
[ECO "C47"]
[WhiteElo "1123"]
[BlackElo "1272"]
[PlyCount "80"]
[EventDate "2020.??.??"]
[TimeControl "300+50"]
[WhiteClock "0:02:53"]
[BlackClock "0:00:04"]

1. e4 e5 2. Nf3 Nc6 3. Nc3 Bc5 4. d3 h6 5. Be2 Nf6 6. O-O d6 7. Be3 Bxe3 8. fxe3 Bg4 9. h3 Bxf3 10. Bxf3 O-O 11. d4 exd4 12. exd4 Re8 13. Re1 a5 14. d5 Nb4 15. Nb5 c6 16. dxc6 bxc6 17. Nxd6 Re6 18. e5 Nh7 19. Bg4 Re7 20. c3 Nd5 21. Bf5 Nf4 22. Bxh7+ Kxh7 23. Qd3+ Nxd3 24. Nxf7 Rxf7 25. Rf1 Rxf1+ 26.
Rxf1 Nxe5 27. g4 Qd2 28. Rf2 Qe1+ 29. Rf1 Nf3+ 30. Kg2 Qe2+ 31. Rf2 Nh4+ 32. Kg3 Qe7 33. b3 Rf8 34. Rxf8 Qxf8 35. Kxh4 Qf6+ 36. Kg3 g5 37. a4 h5 38. c4 hxg4 39. Kxg4 Qf4+ 40. Kh5 c5 {[%emt 0:00:
50] TopBrownCave won on time} 0-1

[Event "Fast Chess"]
[Site "ChessKid.com"]
[Date "2020.04.14"]
[Round "2"]
[White "Dai, Lana"]
[Black "Sasse, Gabriel"]
[Result "1-0"]
[ECO "C50"]
[WhiteElo "1280"]
[BlackElo "1235"]
[PlyCount "95"]
[EventDate "2020.??.??"]
[TimeControl "300+50"]
[WhiteClock "0:04:58"]
[BlackClock "0:01:43"]

1. e4 e5 2. Nf3 Nc6 3. Nc3 Nf6 4. Bc4 h6 5. d3 Bc5 6. h3 O-O 7. a3 Ne8 8. O-O Qf6 9. Nd5 Qg6 10. Nh4 Qe6 11. Nxc7 Qe7 12. Nxa8 Qxh4 13. g3 Qf6 14. Be3 Bxe3 15. fxe3 Qg6 16. Rf3 d6 17. h4 Bg4 18. Bd5 Bxf3 19. Qxf3 Nf6 20. Bxc6 bxc6 21. Nc7 Rc8 22. Na6 Rd8 23. c4 d5 24. cxd5 cxd5 25. exd5 Rxd5 26. Nb4 Rd8 27. e4 Rd7 28. Rc1 Rd8 29. Rc7 a6 30. Nxa6 Rd6 31. Rc8+ Kh7 32. Nc5 Rb6 33. b4 Rd6 34. Qe3 Ng4 35. Qd2 Nf6 36. Qe3 Ng4 37. Qd2 Rf6 38. Nd7 Rf2 39. Qc3 Ra2 40. Nf8+ Kg8 41. Nxg6+ Kh7 42. Rh8+ Kxg6 43. Qc6+ Kh5 44. Rg8 Ne3 45. Kh1 Kg4 46. Rxg7+ Kh3 47. Qd7+ Ng4 48. Qxg4# {[%emt 0:00:47] TopBrownCave won by checkmate} 1-0

[Event "Fast Chess"]
[Site "ChessKid.com"]
[Date "2020.04.14"]
[Round "2"]
[White "Li, Patrick"]
[Black "Li, Tobias"]
[Result "1-0"]
[ECO "C57"]
[WhiteElo "1008"]
[BlackElo "1283"]
[PlyCount "69"]
[EventDate "2020.??.??"]
[TimeControl "300+50"]
[WhiteClock "0:03:01"]
[BlackClock "0:03:37"]

1. e4 e5 2. Nf3 Nc6 3. Nc3 Nf6 4. Bc4 Bc5 5. Ng5 O-O 6.
Nxf7 Rxf7 7. Bxf7+ Kxf7 8. O-O Kg8 9. h3 d6 10. Qf3 Nd4 11. Qd3 Qe8 12. Qc4+ Kh8 13. Nd5 Be6 14. Qc3 Bxd5 15. exd5 Nxd5 16. Qc4 Ne7 17. Re1 Qg6 18. d3 Qf6 19. Re4 a6 20. Re3 Nxc2 21. Rf3 Na3 22. Qb3 Qg6 23. bxa3 Nd5 24. Qxd5 Bb6 25. Qxb7 Qe8 26. Qd5 Rb8 27. Qe4 Qe6 28. Bg5 Bd4 29. Rc1 Bc5 30. Qc6 Rc8 31. Qxa6 Bxa3 32. Qxa3 Qg6 33. Qa6 Rb8 34. Qb7 Rxb7 35. Rf8# {[%emt 0:00:48] WideClassyQuiz won by checkmate}
1-0

[Event "Fast Chess"]
[Site "ChessKid.com"]
[Date "2020.04.14"]
[Round "3"]
[White "Li, Patrick"]
[Black "Dai, Lana"]
[Result "0-1"]
[ECO "C55"]
[WhiteElo "1005"]
[BlackElo "1283"]
[PlyCount "136"]
[EventDate "2020.??.??"]
[TimeControl "300+50"]
[WhiteClock "0:04:59"]
[BlackClock "0:04:01"]

1. e4 e5 2. Nf3 Nc6 3. Nc3 Nf6 4. Bc4 h6 5. O-O Bc5 6. Bb5 d6 7. Bxc6+ bxc6 8. d3 Bg4 9. h3 Bh5 10. a3 O-O 11. Na4 Bd4 12. c3 Bc5 13.
Nxc5 dxc5 14. d4 exd4 15. cxd4 cxd4 16. Bd2 Nxe4 17. Bb4 c5 18. Bd2 Nxd2 19. Qxd2 Bxf3 20. gxf3 c6 21. Rac1 Qd6 22. Qc2 Qd5 23. Qxc5 Qxc5 24. Rxc5 Rac8 25. Kh1 d3 26. Rd1 Rfd8 27. Rc3 d2 28. Rc2 c5 29. Rdxd2 Rxd2 30. Rxd2 c4 31. Rc2 h5 32. b3 c3 33. Kg1 g5 34. Kf1 f5 35. Ke2 g4 36. fxg4 fxg4 37. hxg4 hxg4 38. Kd3 Kf7 39. Rxc3 Rxc3+ 40. Kxc3 Kf6 41. Kd3 Kf5 42. Ke3 Kg5 43. f3 g3 44. Ke2 Kh4 45. f4 Kh3 46. Kf3 g2 47. Kf2 Kh2 48.
f5 g1=Q+ 49. Kf3 Qg5 50. Ke4 Qg2+ 51. Ke5 Qg3+ 52. Ke6 Qxb3+ 53. Ke5 Qxa3 54. f6 a5 55. f7 a4 56. Ke6 Qf8 57. Kf6 a3 58. Ke5 Qxf7 59. Ke4 Kg3 60. Kd3 Qe6 61. Kc3 Qd5 62. Kb4 Qc6 63. Kb3 Kf3 64. Kxa3 Qb6 65. Ka4 Ke4 66. Ka3 Kd4 67. Ka2 Kc3 68. Ka3 Qb3# {[%emt 0:00:47] TopBrownCave won by
checkmate} 0-1

[Event "Fast Chess"]
[Site "ChessKid.com"]
[Date "2020.04.14"]
[Round "3"]
[White "Sasse, Gabriel"]
[Black "Kriegl, Thomas"]
[Result "1-0"]
[ECO "C20"]
[WhiteElo "1241"]
[BlackElo "1110"]
[PlyCount "59"]
[EventDate "2020.??.??"]
[TimeControl "300+50"]
[WhiteClock "0:01:04"]
[BlackClock "0:05:20"]

1. e4 e5 2. Qh5 g6 3. Qxe5+ Qe7 4. Qxh8 Nf6 5. d3 d6 6. Bg5 Qe5 7. Bxf6 Qxb2 8. Bxb2 Ke7 9. Qf6+ Ke8 10. e5 dxe5 11. Qxe5+ Kd8 12. Bc1 c6 13. Bg5+ Kd7 14. g3 Bd6 15. Bh3+ Kc7 16. Qg7 Bxh3 17. Nxh3 Na6 18. Qxf7+ Kb6 19. Be3+ c5 20. Qxh7 Re8 21.
Qxg6 Re7 22. O-O Nb4 23. Qxd6+ Kb5 24. Qxc5+ Ka4 25. Qxe7 b5 26. Qxa7+ Na6 27. Qxa6+ Kb4 28. Bd2+ Kc5 29. Be3+ Kb4 30. Qa3# {[%emt 0:00:50] LimeFarActor won
by checkmate} 1-0

[Event "Fast Chess"]
[Site "ChessKid.com"]
[Date "2020.04.15"]
[Round "1"]
[White "Dai, Lana"]
[Black "Sasse, Gabriel"]
[Result "0-1"]
[ECO "C50"]
[WhiteElo "1275"]
[BlackElo "1253"]
[PlyCount "54"]
[EventDate "2020.??.??"]
[TimeControl "900"]
[WhiteClock "0:13:21"]
[BlackClock "0:12:15"]

1. e4 e5 2. Nf3 Nc6 3. Nc3 Nf6 4. a3 h6 5. h3 Bc5 6. Bc4 O-O 7. d3 d6 8. O-O Ne8 9. b4 Bb6 10. Nd5 Be6 11. Nxb6 cxb6 12. Bxe6 Qf6 13. Bd5 Nd4 14. Nxd4 exd4 15. Bxb7 Rb8 16. Bc6 Nc7 17. a4 a5 18. bxa5 bxa5 19. Ba3 Rfd8 20. Rb1 Rxb1 21. Qxb1 Rb8 22. Qxb8+ Kh7 23. Rb1 Ne6 24. Qxd6 Qg6 25. Rb8 Qg5 26. Bd5 Nf4 27. Qf8 Qxg2# {[%emt 0:
00:04] LimeFarActor won by checkmate} 0-1

[Event "Fast Chess"]
[Site "ChessKid.com"]
[Date "2020.04.15"]
[Round "1"]
[White "Li, Patrick"]
[Black "Li, Tobias"]
[Result "0-1"]
[ECO "C55"]
[WhiteElo "1009"]
[BlackElo "1277"]
[PlyCount "72"]
[EventDate "2020.??.??"]
[TimeControl "900"]
[WhiteClock "0:12:06"]
[BlackClock "0:10:24"]

1. e4 e5 2. Nf3 Nf6 3. Nc3 Nc6 4. Bc4 Bc5 5. Ng5 O-O 6.
Nxf7 Rxf7 7. Bxf7+ Kxf7 8. O-O d6 9. h3 Kg8 10. d3 Be6 11. Be3 Bxe3 12. fxe3 Qd7 13. d4 exd4 14. exd4 Bf7 15. d5 Ne7 16. Re1 c6 17. e5 dxe5 18. Rxe5 cxd5 19. Nxd5 Nexd5 20. c4 Nb6 21. Re2 Qxd1+ 22. Rxd1 Nxc4 23. b3 Nb6 24. Red2 h6 25. Rd8+ Rxd8 26. Rxd8+ Kh7 27. Rb8 Bd5 28. Ra8 Nxa8 29. g3 a5 30. g4 a4 31. bxa4 Bxa2 32. h4 Nxg4 33.
Kg2 Nb6 34. Kg3 Nf6 35. Kf4 Nc4 36. Kf5 Nb6 {[%emt 0:00:04] OnlyHungryKiwi won by resignation} 0-1